 Dungeon Sprint DCSS version 0.17-a0-1570-g74b7129 (webtiles) character file.

25833 tt080 the Genius of the Arcane (level 12, -21/67 HPs)
             Began as a Deep Elf Air Elementalist on July 23, 2015.
             Was the Champion of Sif Muna.
             Killed from afar by a fire giant (51 damage)
             ... with a fireball
             ... in the Dungeon (Sprint IX: "|||||||||||||||||||||||||||||").
             The game lasted 00:17:42 (1616 turns).

tt080 the Genius of the Arcane (DEAE)               Turns: 1616, Time: 00:17:42

Health: -21/67     AC: 17    Str:  5    XL:     12   Next: 93%
Magic:  5/34       EV: 19    Int: 29    God:    Sif Muna [******]
Gold:   419        SH:  0    Dex: 18    Spells: 9 memorised, 16 levels left

rFire  . . .     SeeInvis .     p - +2 morningstar (protect)
rCold  . . .     Clarity  .     V - +0 mottled dragon armour
rNeg   . . .     SustAt   .     (no shield)
rPois  .         Gourm    .     G - +0 helmet
rElec  .         Spirit   .     q - +2 cloak
rCorr  .         Warding  .     F - +0 pair of gloves
rMut   .         NoTele   +     (no boots)
MR     +....                    (no amulet)
Stlth  ++........               t - +3 ring of intelligence
                                s - +3 ring of dexterity

@: repel missiles, somewhat resistant to hostile enchantments, unstealthy
A: no striking features
a: Channel Energy, Forget Spell, Renounce Religion


You were in the Dungeon.
You worshipped Sif Muna.
Sif Muna was exalted by your worship.
You were very hungry.

You visited 1 branch You collected 1917 gold pieces.
You spent 1498 gold pieces at shops.

Inventory:

Hand weapons
 p - a +2 morningstar of protection (weapon)
 w - the +4 war axe of Unaypig {chop, *Noise rF++ Dex+3}
   (You found it in the Dungeon)

   It inflicts extra damage upon your enemies.
   It affects your dexterity (+3).
   It greatly protects you from fire.
   It may make noises in combat.
Armour
 a - a +0 robe
 q - a +2 cloak (worn)
 r - a +0 cloak
 F - a +0 pair of gloves (worn)
 G - a +0 helmet (worn)
 I - a +1 animal skin
 O - a +2 robe
 T - a +0 swamp dragon armour
 U - a +1 fire dragon armour
 V - a +0 mottled dragon armour (worn)
 W - a +0 storm dragon armour
Magical staves
 o - an uncursed staff of energy
Jewellery
 s - a +3 ring of dexterity (left hand)
 t - a +3 ring of intelligence (right hand)
 v - an uncursed ring of fire
 M - an uncursed ring of poison resistance
 N - a +6 ring of evasion
 P - an uncursed ring of protection from fire
 Q - an uncursed ring of see invisible
 R - an uncursed ring of fire
 S - an uncursed ring of protection from cold
Magical devices
 n - a wand of cold (7)
Scrolls
 i - 4 scrolls of blinking
 l - 5 scrolls of remove curse
 m - 2 scrolls of amnesia
 x - 2 scrolls of enchant weapon
 y - 2 scrolls of identify
 A - 2 scrolls of recharging
 B - a scroll of enchant armour
 X - 2 scrolls of fog
 Y - a scroll of fear
Potions
 d - 11 potions of curing
 e - 7 potions of heal wounds
 f - a potion of haste
 g - 4 potions of magic
 h - a potion of berserk rage
 k - a potion of invisibility
 u - 3 potions of agility
 H - a potion of might
Books
 b - a book of Air

   Spells                             Type                      Level
   a - Shock                          Conjuration/Air              1
   b - Swiftness                      Charms/Air                   2
   c - Repel Missiles                 Charms/Air                   2
   d - Static Discharge               Conjuration/Air              3
   e - Lightning Bolt                 Conjuration/Air              5
 j - Pothraunn's Almanac of Damage Dealing
   (Sif Muna gifted it to you in the Dungeon)

   Spells                             Type                      Level
   a - Magic Dart                     Conjuration                  1
   b - Flame Tongue                   Conjuration/Fire             1
   c - Mephitic Cloud                 Conjuration/Poison/Air       3
   d - Fulminant Prism                Conjuration/Hexes            4
   e - Fireball                       Conjuration/Fire             5
   f - Conjure Ball Lightning         Conjuration/Air              6
 z - a book of Power

   Spells                             Type                      Level
   a - Fulminant Prism                Conjuration/Hexes            4
   b - Iskenderun's Mystic Blast      Conjuration                  4
   c - Venom Bolt                     Conjuration/Poison           5
   d - Bolt of Magma                  Conjuration/Fire/Earth       5
   e - Iron Shot                      Conjuration/Earth            6
   f - Orb of Destruction             Conjuration                  7
   g - Spellforged Servitor           Conjuration/Summoning        7
 C - a book of Frost

   Spells                             Type                      Level
   a - Freeze                         Ice                          1
   b - Throw Frost                    Conjuration/Ice              2
   c - Ozocubu's Armour               Charms/Ice                   3
   d - Throw Icicle                   Conjuration/Ice              4
   e - Summon Ice Beast               Ice/Summoning                4
   f - Condensation Shield            Ice                          4
 J - a book of the Tempests

   Spells                             Type                      Level
   a - Static Discharge               Conjuration/Air              3
   b - Lightning Bolt                 Conjuration/Air              5
   c - Fireball                       Conjuration/Fire             5
   d - Tornado                        Air                          9
   e - Shatter                        Earth                        9
 K - Zovioxaq's Compendium of Scorching Attacks
   (Sif Muna gifted it to you in the Dungeon)

   Spells                             Type                      Level
   a - Flame Tongue                   Conjuration/Fire             1
   b - Dazzling Spray                 Conjuration/Hexes            3
   c - Ignite Poison                  Fire/Transmutation/Poison    3
   d - Iron Shot                      Conjuration/Earth            6
   e - Ring of Flames                 Charms/Fire                  7
 L - Sif Muna's Compendium of Fiery Battle Magic
   (Sif Muna gifted it to you in the Dungeon)

   Spells                             Type                      Level
   a - Throw Flame                    Conjuration/Fire             2
   b - Conjure Flame                  Conjuration/Fire             3
   c - Bolt of Fire                   Conjuration/Fire             6
   d - Fire Storm                     Conjuration/Fire             9
Comestibles
 c - 13 bread rations
 D - 40 fruits
 E - 12 meat rations


   Skills:
 - Level 4.7 Fighting
 * Level 4.4 Armour
 - Level 13.6 Dodging
 - Level 2.4 Stealth
 * Level 16.6 Spellcasting
 * Level 16.9 Conjurations
 - Level 5.5 Charms
 * Level 14.3 Fire Magic
 - Level 4.1 Ice Magic
 - Level 9.8 Air Magic
 * Level 17.3 Invocations


You had 16 spell levels left.
You knew the following spells:

 Your Spells              Type           Power        Failure   Level  Hunger
a - Shock                 Conj/Air       ####         0%          1    None
b - Lightning Bolt        Conj/Air       #######...   1%          5    None
c - Repel Missiles        Chrm/Air       ######       1%          2    None
d - Swiftness             Chrm/Air       ######..     1%          2    None
e - Static Discharge      Conj/Air       #######.     1%          3    None
f - Bolt of Magma         Conj/Fire/Erth ######....   1%          5    None
g - Mephitic Cloud        Conj/Pois/Air  ######..     1%          3    None
h - Condensation Shield   Ice            #####.....   10%         4    None
i - Ozocubu's Armour      Chrm/Ice       ######..     1%          3    None


Dungeon Overview and Level Annotations

Branches:
Dungeon (1/1)

Altars:
Cheibriados
Dithmenos
Elyvilon
Fedhas
Gozag
Kikubaaqudgha
Makhleb
Nemelex Xobeh
Okawaru
Qazlal
Ru
Sif Muna
Trog
Vehumet
Xom
Yredelemnul
Zin
The Shining One
Beogh
Jiyva
Lugonu

Shops:
D ?=%}


Message History

The bolt of lightning hits the fire giant.
You kill the fire giant!
Your Armour skill increases to level 4!
* * * LOW MAGIC WARNING * * *
You hear a shout!
Use which ability? (? or * to list)
You channel some magical energy.
You are feeling very hungry.
Use which ability? (? or * to list)
You channel some magical energy.
You feel somewhat more hungry. The rakshasa closely misses you.
Use which ability? (? or * to list)
You channel some magical energy.
You feel somewhat more hungry.
The fire giant gestures at you while chanting.
The fireball explodes!
The fireball engulfs the rakshasa.
The rakshasa dies!
The fireball engulfs the fire giant.
The fire giant resists.
The fireball engulfs you!
Ouch! That really hurt!
You die...

,,,,,,,,,,,,,,,,,,,,,+,,,,,,,,,,,
*********************************
,,,,,,,,,,,,,,,,,,,,,,,,,,,,,,,,,
*********************************
,,+,,,,,,,,,+,,,,,,,,,+,,,,,,,,,+
*********************************
,,,,,,,,,,,,,,,,,,,,,,,,,,,,,,,,,
*********▓▓▓▓▓▓▓▓▓▓▓▓▓▓▓▓▓▓▓▓▓▓▓▓
,,,,,,,,,..)()C)@.(.(.........[[[
▓▓▓▓▓▓▓▓▓▓▓▓▓▓▓▓▓▓▓▓▓▓▓▓▓▓▓▓▓▓▓▓▓
.......).........................
▓▓▓▓▓▓▓▓▓▓▓▓▓▓▓▓▓▓▓▓▓▓▓▓▓▓▓▓▓▓▓▓▓
.....∩.∩.∩.∩.)†).).......)))).)..
▓▓▓▓▓▓▓▓▓▓▓▓▓▓▓▓▓▓▓▓▓▓▓▓▓▓▓▓▓▓▓▓▓
....................).[..........
▓▓▓▓▓▓▓▓▓▓▓▓▓▓▓▓▓▓▓▓▓▓▓▓▓▓▓▓▓▓▓▓▓
...'........÷..÷'........÷÷......


You could see a fire giant.

Vanquished Creatures
  Gastronok (D)
  A fire giant (D)
  A stone giant (D)
  A rakshasa (D)
  A hydra (D)
  A catoblepas (D)
  2 centaur warriors (D)
  10 orc high priests (D)
  A tengu warrior (D)
  5 death yaks (D)
  Sonja (D)
  4 hill giants (D)
  An orc sorcerer (D)
  An oklob plant (D)
  An ugly thing (D)
  A spiny frog (D)
  Psyche (D)
  2 komodo dragons (D)
  2 polar bears (D)
  A basilisk (D)
  Grum (D)
  6 yaks (D)
  2 wolves (D)
  2 water moccasins (D)
  9 orc warriors (D)
  2 porcupines (D)
  An ice beast (D)
  A black bear (D)
  2 centaurs (D)
  A crocodile (D)
  A brain worm (D)
  A scorpion (D)
  7 orc priests (D)
  A hound (D)
  An iguana (D)
  3 worker ants (D)
  A sheep (D)
  A shadow imp (D)
  3 oozes (D)
  11 orcs (D)
  2 bat zombies (D)
  A goblin (D)
  A kobold (D)
  A giant gecko zombie (D)
  A rat (D)
102 creatures vanquished.

Vanquished Creatures (others)
  A rakshasa (D)
  An unseen horror (D)
2 creatures vanquished.

Grand Total: 104 creatures vanquished

Notes
Turn   | Place    | Note
--------------------------------------------------------------
     0 | D        | tt080 the Deep Elf Air Elementalist began the quest for the Orb.
     0 | D        | Reached XP level 1. HP: 10/10 MP: 6/6
     8 | D        | Reached XP level 2. HP: 15/15 MP: 2/8
     9 | D        | Reached skill level 4 in Spellcasting
    84 | D        | Noticed a centaur
    84 | D        | Noticed a worker ant
    90 | D        | Killed a worker ant
    90 | D        | Reached XP level 3. HP: 15/19 MP: 3/11
    92 | D        | Killed a centaur
    92 | D        | Reached skill level 5 in Dodging
    92 | D        | Reached skill level 6 in Spellcasting
    92 | D        | Reached skill level 5 in Air Magic
    92 | D        | Reached XP level 4. HP: 8/24 MP: 1/14
   105 | D        | Found a glowing silver altar of Zin.
   105 | D        | Found a glowing golden altar of the Shining One.
   105 | D        | Found an ancient bone altar of Kikubaaqudgha.
   105 | D        | Found a basalt altar of Yredelemnul.
   105 | D        | Found a shimmering altar of Xom.
   105 | D        | Found a radiant altar of Vehumet.
   106 | D        | Found an iron altar of Okawaru.
   107 | D        | Found a burning altar of Makhleb.
   108 | D        | Found a deep blue altar of Sif Muna.
   109 | D        | Found a bloodstained altar of Trog.
   110 | D        | Found a sparkling altar of Nemelex Xobeh.
   111 | D        | Found a white marble altar of Elyvilon.
   112 | D        | Found a roughly hewn altar of Beogh.
   113 | D        | Found a viscous altar of Jiyva.
   114 | D        | Found a corrupted altar of Lugonu.
   115 | D        | Found a blossoming altar of Fedhas.
   116 | D        | Became a worshipper of Sif Muna the Loreminder
   117 | D        | Found a snail-covered altar of Cheibriados.
   118 | D        | Found a shadowy altar of Dithmenos.
   119 | D        | Found a stormy altar of Qazlal.
   120 | D        | Found an opulent altar of Gozag.
   121 | D        | Found a sacrificial altar of Ru.
   291 | D        | Noticed a black bear
   291 | D        | Noticed a scorpion
   291 | D        | Noticed a yak
   291 | D        | Noticed a hound
   291 | D        | Noticed an ice beast
   296 | D        | Killed a black bear
   296 | D        | Acquired Sif Muna's first power
   296 | D        | Reached skill level 7 in Spellcasting
   296 | D        | Reached XP level 5. HP: 28/28 MP: 9/16
   297 | D        | Killed a hound
   297 | D        | Reached skill level 8 in Conjurations
   297 | D        | Killed a scorpion
   297 | D        | Reached XP level 6. HP: 32/32 MP: 8/18
   299 | D        | Killed an ice beast
   299 | D        | Acquired Sif Muna's second power
   299 | D        | Reached skill level 9 in Conjurations
   299 | D        | Reached skill level 5 in Invocations
   301 | D        | Killed a yak
   301 | D        | Reached XP level 7. HP: 28/36 MP: 5/21
   325 | D        | Learned a level 5 spell: Lightning Bolt
   328 | D        | Learned a level 2 spell: Repel Missiles
   331 | D        | Learned a level 2 spell: Swiftness
   335 | D        | Learned a level 3 spell: Static Discharge
   336 | D        | Noticed a hill giant
   336 | D        | Noticed a centaur
   336 | D        | Noticed a worker ant
   336 | D        | Noticed a worker ant
   336 | D        | Noticed a hill giant
   336 | D        | Noticed a tengu warrior
   337 | D        | Killed a worker ant
   337 | D        | Killed a centaur
   339 | D        | Killed a tengu warrior
   339 | D        | Acquired Sif Muna's third power
   339 | D        | Reached skill level 10 in Spellcasting
   339 | D        | Reached skill level 11 in Conjurations
   339 | D        | Reached XP level 8. HP: 21/41 MP: 4/24
   339 | D        | Killed a worker ant
   340 | D        | Killed a hill giant
   340 | D        | Reached skill level 10 in Invocations
   343 | D        | Killed a hill giant
   343 | D        | Reached skill level 10 in Dodging
   343 | D        | Reached skill level 12 in Conjurations
   343 | D        | Reached XP level 9. HP: 24/45 MP: 1/26
   450 | D        | Got the +4 war axe of Unaypig {chop, *Noise rF++ Dex+3}
   469 | D        | Noticed a yak
   469 | D        | Noticed a yak
   469 | D        | Noticed a seven-headed hydra
   469 | D        | Noticed a porcupine
   469 | D        | Noticed an iguana
   470 | D        | Killed an iguana
   470 | D        | Killed a porcupine
   473 | D        | Noticed a komodo dragon
   473 | D        | Killed a seven-headed hydra
   473 | D        | Received a gift from Sif Muna
   473 | D        | Reached skill level 13 in Conjurations
   475 | D        | Noticed a water moccasin
   477 | D        | Noticed a spiny frog
   479 | D        | Killed a yak
   479 | D        | Killed a komodo dragon
   479 | D        | Killed a spiny frog
   480 | D        | Killed a yak
   480 | D        | Killed a water moccasin
   480 | D        | Reached XP level 10. HP: 18/50 MP: 0/28
   488 | D        | Learned a level 5 spell: Bolt of Magma
   676 | D        | Noticed a yak
   676 | D        | Noticed a polar bear
   676 | D        | Noticed an oklob plant
   676 | D        | Noticed a polar bear
   676 | D        | Noticed a water moccasin
   676 | D        | Noticed a porcupine
   677 | D        | Killed a porcupine
   678 | D        | Killed an oklob plant
   678 | D        | Reached skill level 14 in Conjurations
   679 | D        | Killed a water moccasin
   679 | D        | Killed a polar bear
   679 | D        | Received a gift from Sif Muna
   681 | D        | Noticed a basilisk
   681 | D        | Killed a polar bear
   682 | D        | Noticed a crocodile
   686 | D        | Noticed a komodo dragon
   690 | D        | Killed a yak
   690 | D        | Killed a komodo dragon
   691 | D        | Killed a basilisk
   692 | D        | Killed a crocodile
   700 | D        | Identified Pothraunn's Almanac of Damage Dealing (Sif Muna gifted it to you in the Dungeon)
   705 | D        | Learned a level 3 spell: Mephitic Cloud
   715 | D        | Noticed a catoblepas
   715 | D        | Noticed a death yak
   715 | D        | Noticed a yak
   715 | D        | Noticed a yak
   715 | D        | Noticed a death yak
   715 | D        | Noticed a death yak
   742 | D        | Noticed a death yak
   745 | D        | Killed a yak
   746 | D        | Noticed a death yak
   746 | D        | Killed a death yak
   746 | D        | Reached skill level 5 in Fire Magic
   746 | D        | Killed a death yak
   746 | D        | Killed a catoblepas
   746 | D        | Received a gift from Sif Muna
   754 | D        | Killed a death yak
   754 | D        | Reached XP level 11. HP: 36/54 MP: 9/29
   932 | D        | Killed a death yak
   932 | D        | Reached skill level 10 in Fire Magic
   933 | D        | Killed a death yak
   933 | D        | Reached skill level 15 in Invocations
   933 | D        | Killed a yak
  1032 | D        | Noticed Grum
  1033 | D        | Noticed Gastronok
  1036 | D        | Killed Grum
  1037 | D        | Noticed a wolf
  1043 | D        | Killed Gastronok
  1045 | D        | Killed a wolf
  1046 | D        | Noticed a wolf
  1046 | D        | Killed a wolf
  1046 | D        | Reached skill level 15 in Conjurations
  1126 | D        | Noticed an orc warrior
  1126 | D        | Noticed an orc warrior
  1127 | D        | Killed an orc warrior
  1127 | D        | Received a gift from Sif Muna
  1129 | D        | Killed an orc warrior
  1130 | D        | Noticed an orc warrior
  1133 | D        | Noticed an orc high priest
  1133 | D        | Killed an orc warrior
  1136 | D        | Killed an orc high priest
  1146 | D        | Learned a level 4 spell: Condensation Shield
  1151 | D        | Learned a level 3 spell: Ozocubu's Armour
  1217 | D        | Noticed an orc warrior
  1217 | D        | Noticed an orc priest
  1217 | D        | Noticed an orc warrior
  1217 | D        | Noticed an orc warrior
  1217 | D        | Noticed an orc warrior
  1217 | D        | Noticed an orc high priest
  1219 | D        | Killed an orc high priest
  1219 | D        | Reached skill level 1 in Charms
  1219 | D        | Reached skill level 1 in Ice Magic
  1219 | D        | Killed an orc warrior
  1220 | D        | Noticed an orc warrior
  1220 | D        | Killed an orc warrior
  1221 | D        | Killed an orc warrior
  1222 | D        | Killed an orc warrior
  1222 | D        | Killed an orc warrior
  1227 | D        | Noticed an orc high priest
  1229 | D        | Noticed an orc sorcerer
  1229 | D        | Killed an orc high priest
  1231 | D        | Noticed an orc warrior
  1232 | D        | Killed an orc priest
  1232 | D        | Killed an orc warrior
  1245 | D        | Paralysed by an orc sorcerer for 4 turns
  1250 | D        | Killed an orc sorcerer
  1281 | D        | Found Beifeky's Gadget Boutique.
  1281 | D        | Noticed an orc high priest
  1281 | D        | Noticed an orc high priest
  1281 | D        | Noticed an orc priest
  1281 | D        | Noticed an orc high priest
  1281 | D        | Noticed an orc high priest
  1288 | D        | Killed an orc priest
  1290 | D        | Killed an orc high priest
  1290 | D        | Received a gift from Sif Muna
  1290 | D        | Reached skill level 16 in Invocations
  1291 | D        | Killed an orc high priest
  1291 | D        | Reached XP level 12. HP: 27/66 MP: 7/32
  1292 | D        | Noticed an orc priest
  1293 | D        | Killed an orc high priest
  1296 | D        | Killed an orc priest
  1297 | D        | Noticed an orc priest
  1297 | D        | Killed an orc priest
  1298 | D        | Noticed an orc high priest
  1300 | D        | Noticed an orc high priest
  1300 | D        | Killed an orc high priest
  1302 | D        | Noticed an orc priest
  1303 | D        | Killed an orc high priest
  1303 | D        | Reached skill level 15 in Spellcasting
  1303 | D        | Reached skill level 5 in Charms
  1304 | D        | Killed an orc priest
  1306 | D        | Noticed an orc high priest
  1306 | D        | Killed an orc high priest
  1309 | D        | Killed an orc priest
  1313 | D        | Noticed an orc priest
  1314 | D        | Killed an orc priest
  1324 | D        | Killed an orc high priest
  1324 | D        | Received a gift from Sif Muna
  1327 | D        | Identified Zovioxaq's Compendium of Scorching Attacks (Sif Muna gifted it to you in the Dungeon)
  1327 | D        | Identified Sif Muna's Compendium of Fiery Battle Magic (Sif Muna gifted it to you in the Dungeon)
  1339 | D        | Found Wemegra's Food Shop.
  1342 | D        | Found Vuliphar's Jewellery Boutique.
  1346 | D        | Found Roumow's Magic Scroll Shop.
  1361 | D        | Bought an uncursed ring of poison resistance for 260 gold pieces
  1361 | D        | Bought a +6 ring of evasion for 1014 gold pieces
  1363 | D        | Bought a scroll of magic mapping for 38 gold pieces
  1363 | D        | Bought a scroll of blinking for 82 gold pieces
  1363 | D        | Bought a scroll of recharging for 104 gold pieces
  1411 | D        | Noticed Psyche
  1412 | D        | Killed Psyche
  1464 | D        | Noticed Sonja
  1468 | D        | Killed Sonja
  1592 | D        | Noticed a brown ugly thing
  1592 | D        | Noticed a centaur warrior
  1592 | D        | Noticed a brain worm
  1592 | D        | Noticed a hill giant
  1594 | D        | Killed a hill giant
  1594 | D        | Killed a brain worm
  1594 | D        | Reached skill level 1 in Armour
  1595 | D        | Noticed a centaur warrior
  1595 | D        | Killed a centaur warrior
  1595 | D        | Killed a brown ugly thing
  1596 | D        | Killed an unseen horror
  1598 | D        | Noticed a stone giant
  1600 | D        | Noticed a hill giant
  1602 | D        | Killed a centaur warrior
  1603 | D        | Killed a stone giant
  1603 | D        | Reached skill level 17 in Invocations
  1604 | D        | Noticed a rakshasa
  1606 | D        | Killed a hill giant
  1606 | D        | Received a gift from Sif Muna
  1607 | D        | Noticed a rakshasa
  1610 | D        | Noticed a fire giant
  1611 | D        | Noticed a fire giant
  1611 | D        | Killed a rakshasa
  1613 | D        | Killed a fire giant
  1616 | D        | Killed a rakshasa
  1616 | D        | Killed from afar by a fire giant

Vault maps used:
D:        linesprint

Action                   |  1- 3 |  4- 6 |  7- 9 | 10-12 || total
-------------------------+-------+-------+-------+-------++-------
 Cast: Shock             |    11 |    10 |     1 |     1 ||    23
       Lightning Bolt    |       |       |    11 |    87 ||    98
       Repel Missiles    |       |       |     1 |       ||     1
       Swiftness         |       |       |       |     1 ||     1
       Ozocubu's Armour  |       |       |       |     1 ||     1
       Condensation Shie |       |       |       |     1 ||     1
Invok: Channel Energy    |       |       |    10 |    91 ||   101
  Use: Scroll            |       |       |     2 |     1 ||     3
       Potion            |       |       |       |     4 ||     4
  Eat: Chunk             |       |       |       |    19 ||    19
